 Dungeon Crawl Stone Soup version 0.26.1-16-g4e020e15dc (webtiles) character file.

Game seed: 12836989304740927579

2638 Froggeryz the Grappler (level 9, -8/62 HPs)
             Began as a Barachi Gladiator on Feb 7, 2023.
             Was a High Priest of Okawaru.
             Mangled by an ogre
             ... wielding a +0 giant spiked club
              (18 damage)
             ... on level 8 of the Dungeon.
             The game lasted 00:07:36 (7494 turns).

Froggeryz the Grappler (Barachi Gladiator)          Turns: 7494, Time: 00:07:37

Health: -8/62      AC: 17    Str: 18    XL:     9   Next: 61%
Magic:  9/9        EV:  8    Int:  8    God:    Okawaru [*****.]
Gold:   430        SH:  0    Dex: 15    Spells: 8/8 levels left

rFire    . . .     SeeInvis .     - Unarmed
rCold    . . .     Faith    +   (no shield)
rNeg     . . .     Spirit   .   B - +0 plate armour
rPois    .         Reflect  .   n - +2 helmet
rElec    .         Harm     .   (no cloak)
rCorr    .         Rampage  .   (no gloves)
Will     .....                  m - +0 pair of boots
Stlth    ..........             e - amulet of faith
HPRegen  0.20/turn              F - +4 ring of slaying
MPRegen  0.11/turn              (no ring)

@: slow
A: +LOS, swims, slowness 1, strong legs 1
a: Hop, Renounce Religion, Heroism, Finesse


You were on level 8 of the Dungeon.
You worshipped Okawaru.
Okawaru was extremely pleased with you.
You visited 1 branch of the dungeon, and saw 8 of its levels.

You collected 430 gold pieces.

Inventory:

Missiles
 c - 3 throwing nets
 h - 5 curare-tipped darts
 l - 34 poisoned darts
 A - 4 boomerangs (quivered)
Armour
 m - a +0 pair of boots (worn)
 n - a +2 helmet (worn)
 B - a +0 plate armour (worn)
Jewellery
 e - an amulet of faith (around neck)
 g - an uncursed amulet of guardian spirit
 F - a +4 ring of slaying (left hand)
Wands
 b - a wand of random effects (18)
 v - a wand of acid (2)
 C - a wand of disintegration (11)
Scrolls
 d - 3 scrolls of amnesia
 o - 11 scrolls of remove curse
 p - 3 scrolls of fog
 q - a scroll of enchant weapon
 s - 2 scrolls of noise
 x - 4 scrolls of enchant armour
 y - a scroll of blinking
 z - a scroll of vulnerability {unknown}
 E - a scroll of random uselessness {unknown}
Potions
 a - 2 potions of brilliance
 f - 3 potions of heal wounds {unknown}
 i - a potion of attraction {unknown}
 j - 2 potions of mutation {unknown}
 k - 3 potions of curing
 r - a potion of magic {unknown}
 t - a potion of lignification {unknown}
 u - 4 potions of haste {unknown}
 w - a potion of might {unknown}
 D - a potion of cancellation {unknown}


   Skills:
 - Level 2.4 Fighting
 - Level 2.0 Throwing
 - Level 6.1 Armour
 + Level 6.5 Dodging
 * Level 11.7 Unarmed Combat


You had 8 spell levels left.
You didn't know any spells.
Your spell library was empty.

Dungeon Overview and Level Annotations

Branches:
Dungeon (8/15)             Temple (0/1) D:5            Lair (0/6) D:8

Altars:
Dithmenos
Okawaru
Ru
Uskayaw
The Shining One


Innate Abilities, Weirdness & Mutations

You can be seen from farther away. (+LOS)
You can swim through water.
You cover ground slowly.
You can hop short distances.


Message History

You destroy the water moccasin zombie!
Okawaru accepts your kill.
You hit the ogre.
The ogre is heavily wounded.
The ogre barely misses you.
Your plate armour prevents you from hitting the ogre.
The ogre is heavily wounded.
The ogre closely misses you.
You punch the ogre!
You kill the ogre!
Okawaru accepts your kill.
You can now speed up your combat.
Okawaru will now gift you equipment as you gain piety.
You hit the ogre.
The ogre is lightly wounded.
The ogre hits you with a +0 giant spiked club!!
* * * LOW HITPOINT WARNING * * *
You punch the ogre!
The ogre is heavily wounded.
The ogre hits you with a +0 giant spiked club!!
You die...

###..#......(...#
.....#####.####.# ###.##
#.# #.#
#.######.####.###### #
#.....†..............###
#.#####...##...... .....
#.............### .....#
###.##..........###.......
.# #......###[@O........
.# #......# +.##........
.# #......# ### .../.?..
## #.##.... .#....#. # #.
####. >#.#.## # . .. ## #
.. # .. .# #. . .# #


You could see an ogre.

Vanquished Creatures
  Maggie (D:6)
  2 orc warriors
  3 phantoms
  2 ogres
  3 centaurs
  4 bullfrogs
  A water moccasin zombie (D:8)
  A scorpion (D:6)
  4 wights (D:7)
  4 howler monkeys
  2 centaur zombies
  A bullfrog zombie (D:6)
  3 hounds
  An orc priest (D:6)
  A jelly (D:6)
  A bullfrog skeleton (D:7)
  A centaur skeleton (D:5)
  2 orc wizards
  2 worker ants
  A hound skeleton (D:7)
  2 worker ant zombies
  8 gnolls
  A howler monkey skeleton (D:6)
  16 adders
  A white imp (D:6)
  2 ufetubi
  2 oozes
  An adder skeleton (D:6)
  3 worms
  A dart slug (D:1)
  5 leopard geckos
  14 orcs
  8 bats
  5 giant cockroaches
  8 goblins
  7 hobgoblins
  7 jackals
  8 quokkas
  4 ball pythons
  4 frilled lizards
  7 kobolds
  2 leopard gecko skeletons
  A leopard gecko zombie (D:7)
  6 rats
163 creatures vanquished.

Vanquished Creatures (others)
  A plant (D:2)
1 creature vanquished.

Grand Total: 164 creatures vanquished

Notes
Turn   | Place    | Note
-------+----------+-------------------------------------------
     0 | D:1      | Froggeryz the Barachi Gladiator began the quest for the
                  | Orb.
     0 | D:1      | Reached XP level 1. HP: 17/17 MP: 1/1
    54 | D:1      | Reached XP level 2. HP: 21/23 MP: 2/2
    63 | D:1      | Reached skill level 1 in Armour
   276 | D:1      | Reached skill level 4 in Unarmed Combat
   364 | D:1      | Reached XP level 3. HP: 23/28 MP: 3/3
   449 | D:1      | You fall into a shaft and drop 1 floor!
   689 | D:2      | Found a faded altar of an unknown god.
   951 | D:2      | Found an iron altar of Okawaru.
   957 | D:2      | Reached XP level 4. HP: 34/34 MP: 4/4
   964 | D:2      | Became a worshipper of Warmaster Okawaru
  1419 | D:3      | Reached skill level 5 in Unarmed Combat
  1819 | D:3      | Noticed an ogre
  1832 | D:3      | Killed an ogre
  1832 | D:3      | Reached * piety under Okawaru
  1833 | D:3      | Reached XP level 5. HP: 5/39 MP: 1/5
  2097 | D:3      | Noticed a phantom
  2129 | D:3      | Killed a phantom
  2130 | D:3      | Reached skill level 6 in Unarmed Combat
  2130 | D:3      | Reached XP level 6. HP: 38/46 MP: 6/6
  3359 | D:4      | Reached skill level 7 in Unarmed Combat
  3359 | D:4      | Noticed a phantom
  3404 | D:4      | Killed a phantom
  3405 | D:4      | Reached XP level 7. HP: 31/51 MP: 7/7
  3771 | D:4      | Found a glowing golden altar of the Shining One.
  4000 | D:5      | Entered Level 5 of the Dungeon
  4143 | D:5      | Reached skill level 5 in Armour
  4285 | D:5      | Found a staircase to the Ecumenical Temple.
  4578 | D:5      | Found a shadowy altar of Dithmenos.
  4584 | D:5      | Found a hide-covered altar of Uskayaw.
  4773 | D:6      | Reached ** piety under Okawaru
  4785 | D:6      | Reached skill level 8 in Unarmed Combat
  4824 | D:5      | HP: 2/51 [poisoned by an adder]
  5623 | D:6      | Reached XP level 8. HP: 52/57 MP: 8/8
  5671 | D:6      | Reached skill level 9 in Unarmed Combat
  6206 | D:6      | Reached *** piety under Okawaru
  6207 | D:6      | Reached skill level 10 in Unarmed Combat
  6339 | D:6      | Noticed Maggie
  6357 | D:6      | Killed Maggie
  6358 | D:6      | Reached skill level 5 in Dodging
  6358 | D:6      | Reached XP level 9. HP: 62/62 MP: 9/9
  6567 | D:7      | Reached **** piety under Okawaru
  6705 | D:7      | Reached skill level 11 in Unarmed Combat
  7048 | D:7      | Found a sacrificial altar of Ru.
  7481 | D:8      | Found a staircase to the Lair.
  7492 | D:8      | Reached ***** piety under Okawaru
  7494 | D:8      | Mangled by an ogre

Illustrated notes

Levels and vault maps discovered:
D:1:      dpeg_arrival_connections, layout_basic
D:2:      layout_rooms, nicolae_overflow_crystal_walls,
          chequers_ecumenical_altar_island, serial_bayou_pond_d
D:3:      minmay_inner_zag, layout_loops_corners
D:4:      layout_loops_ring, tso_altar
D:5:      layout_gridville, nicolae_overflow_hidden_temple, temple_fountains
D:6:      lemuel_upstairs_altar, layout_cave_pools, uniq_maggie
D:7:      layout_rooms, lemuel_coloured_pillars_altar
D:8:      layout_loops_ring, makhleb_altar_promises_db, lair_entry_dummy,
          serial_shops, kennysheep_mini, gammafunk_ghost_nasty_kobolds,
          grunt_ministairs_7

Skill      XL: |  1  2  3  4  5  6  7  8  9 |
---------------+----------------------------+-----
Armour         | 1 2 3 4 5 6 |  6.1
Unarmed Combat | 4 5 6 7 8 10 11 | 11.7
Dodging        | 5 6 |  6.5
Fighting       | |  2.4
Throwing       | |  2.0

Action                   |  1- 3 |  4- 6 |  7- 9 || total
-------------------------+-------+-------+-------++-------
Melee: Unarmed           |   124 |   216 |   356 ||   696
       Punch             |     1 |     1 |    14 ||    16
Throw: Boomerang         |       |       |     3 ||     3
 Abil: Hop               |       |       |     2 ||     2
Evoke: Wand              |       |       |    10 ||    10
  Use: Scroll            |     5 |     5 |     4 ||    14
 Stab: Distracted        |       |       |     1 ||     1
Armor: Leather armour    |    14 |       |       ||    14
       Scale mail        |    50 |   103 |    47 ||   200
       Plate armour      |       |       |   191 ||   191
Dodge: Dodged            |    73 |   118 |   160 ||   351
